 Dungeon Crawl Stone Soup version 0.31-a0-968-g24f9ace8b5 (webtiles) character file.

Game seed: 9975031018308199643

432 drugrobin the Insei (level 6, -8/50 HPs)
             Began as a Demigod Delver on Oct 27, 2023.
             Mangled by Duvessa
             ... wielding a +0 rapier of electrocution
              (17 damage)
             ... on level 5 of the Dungeon.
             The game lasted 00:12:54 (4063 turns).

drugrobin the Insei (Demigod Delver)                Turns: 4063, Time: 00:12:55

Health: -8/50      AC:  4    Str: 17    XL:     6   Next: 39%
Magic:  8/8        EV: 12    Int: 12    God:
Gold:   233        SH:  0    Dex: 19    Spells: 4/5 levels left

rFire   + +          .
                       - Unarmed
rCold   + . .        (no shield)
rNeg    . . .        A - +2 robe {rF+}
rPois   .            (no helmet)
rElec   .            w - scarf {rC+ rF+}
rCorr   .            (no gloves)
SInv    .            (no boots)
Will    +....        (no amulet)
Stlth   +++          h - ring of willpower
HPRegen 0.28/turn    (no ring)
MPRegen 0.11/turn

%: no passive effects
@: hasted, very quick
A: high MP 1, forlorn, divine attributes
a: no special abilities


You were on level 5 of the Dungeon.
You visited 1 branch of the dungeon, and saw 5 of its levels.

You collected 233 gold pieces.

Inventory:

Missiles
 u - 3 poisoned darts
Armour
 w - a scarf of resistance (worn)
 x - a +2 leather armour of fire resistance
 A - a +2 robe of fire resistance (worn)
Magical Staves
 z - a staff of fire
Jewellery
 h - a ring of willpower (left hand)
Talismans
 s - a talisman of death
Wands
 f - a wand of digging (3)
Scrolls
 a - 2 scrolls of summoning {unknown}
 b - 2 scrolls of fog
 c - 2 scrolls of revelation
 d - 2 scrolls of fear
 m - a scroll of vulnerability {unknown}
 n - 2 scrolls of enchant weapon {unknown}
 o - 2 scrolls of teleportation {unknown}
 t - 6 scrolls of identify {unknown}
 y - a scroll of blinking {unknown}
Potions
 e - a potion of haste
 g - 2 potions of degeneration {unknown}
 i - a potion of heal wounds {unknown}
 j - 2 potions of might {unknown}
 k - 3 potions of curing {unknown}
 l - a potion of ambrosia {unknown}
 p - a potion of enlightenment {unknown}
 q - a potion of attraction {unknown}
 r - a potion of experience {unknown}


   Skills:
 - Level 2.6 Fighting
 - Level 1.7 Dodging
 - Level 4.5 Stealth
 * Level 5.7 Unarmed Combat
 + Level 2.6 Shapeshifting


You had 4 spell levels left.
You knew the following spells:

 Your Spells              Type           Power      Damage    Failure   Level
a - Summon Small Mammal   Summ           0%         N/A       32%         1

Your spell library contained the following spells:

 Spells                   Type           Power      Damage    Failure   Level
 Apportation              Tloc           0%         N/A       32%         1
 Necrotise                Necr           0%         1d4       32%         1
 Ensorcelled Hibernation  Hex/Ice        0%         N/A       45%         2
 Jinxbite                 Hex            0%         N/A       45%         2
 Sublimation of Blood     Necr           0%         N/A       45%         2
 Wereblood                Tmut           0%         N/A       45%         2
 Summon Guardian Golem    Hex/Summ       0%         N/A       69%         3
 Anguish                  Hex/Necr       0%         N/A       97%         4
 Orb of Destruction       Conj           0%         9d5       100%        7
 Spellforged Servitor     Conj/Summ      0%         N/A       100%        7
 Summon Hydra             Summ           0%         N/A       100%        7


Dungeon Overview and Level Annotations

Branches:
Dungeon (5/15)             Temple (0/1) D:4

Annotations:
D:4 2 runed translucent doors, Natasha; soul19's ghost, weakling DsFi
D:5 Duvessa


Innate Abilities, Weirdness & Mutations

You have an increased reservoir of magic. (+10% MP)
You shall have no god before yourself.
Your divine heritage dramatically boosts your attributes as you level up.


Message History

Okay, then.
Okay, then.
HP restored.
Partly explored, can't reach some items and places.
Partly explored, can't reach some items and places.
Unknown command.
There is an open door here.
You see here a +0 dagger.
There is a stone staircase leading down here.
Unknown command.
You climb downwards.
Level annotation: Duvessa
There is a stone staircase leading up here.
Unknown command.
As you open the door, it creaks loudly!
A black bear comes into view.
The black bear growls angrily.
You hear a shout!
Found a dagger.
Unknown command.
Okay, then.
Duvessa attacks as she pursues you! Duvessa closely misses you.
Duvessa rages.
Duvessa hits you with a +0 rapier of electrocution!
You are electrocuted!!
Okay, then.
Okay, then.
Throw: throwing net
Press: ? - help, Shift-Dir - straight line, f - Duvessa
Aim: Duvessa, wielding a +0 rapier of electrocution and wearing a +0 scale mail (berserk, 67% to hit)
You throw a throwing net. The throwing net hits Duvessa.
Duvessa is caught in the net!
Duvessa struggles against the net.
Unknown command.
Duvessa struggles against the net. x2
The net rips apart, and Duvessa comes free!
You feel yourself speed up.
Duvessa hits you with a +0 rapier of electrocution!
* * * LOW HITPOINT WARNING * * *
You are electrocuted!
You die...

.. )......+ .####.%....
.#.....).. .#..$.... ......#'#
.#....#.# .#..###.#
).......################## ##
###>).......h..e@......... .##
..#.##############.....## ###..#
#'#'#### #......# ##.... .......#
###......# #....#
.......########<.......# #....#
.......#.....#####.....# #....#
.......#.....# ###+### #....###
.......+.....#######.#####......#
#+###'##.....#.....#.....+...##.#


You could see Duvessa (berserk) and a black bear.

Vanquished Creatures
  A phantom (D:5)
  Dowan (D:5)
  3 hounds
  Terence (D:2)
  An iguana (D:4)
  2 gnolls (D:4)
  7 adders
  A white imp (D:5)
  A worm (D:2)
  2 dart slugs (D:4)
  2 orcs
  8 endoplasms
  2 giant cockroaches
  6 goblins
  4 hobgoblins
  7 quokkas
  3 ball pythons
  2 bats (D:2)
  5 frilled lizards (D:3)
  2 kobolds (D:2)
  4 rats
65 creatures vanquished.

Vanquished Creatures (collateral kills)
  A gnoll (D:4)
1 creature vanquished.

Grand Total: 66 creatures vanquished

Notes
Turn   | Place    | Note
-------+----------+-------------------------------------------
     0 | D:5      | drugrobin the Demigod Delver began the quest for the Orb.
     0 | D:5      | Reached XP level 1. HP: 18/18 MP: 3/3
    47 | D:4      | Reached skill level 2 in Unarmed Combat
   167 | D:2      | Reached XP level 2. HP: 14/25 MP: 4/4
   264 | D:2      | Reached skill level 3 in Unarmed Combat
   592 | D:1      | Reached XP level 3. HP: 30/30 MP: 5/5
  1183 | D:2      | Noticed Terence
  1285 | D:2      | Learned a level 1 spell: Summon Small Mammal
  1488 | D:2      | Reached XP level 4. HP: 28/37 MP: 6/6
  1681 | D:2      | Killed Terence
  1682 | D:2      | Reached skill level 4 in Unarmed Combat
  1682 | D:2      | Reached skill level 1 in Shapeshifting
  2120 | D:3      | Reached XP level 5. HP: 32/42 MP: 7/7
  3116 | D:4      | Found a runed translucent door.
  3124 | D:4      | Noticed soul19's ghost (weakling DsFi)
  3240 | D:4      | Reached skill level 5 in Unarmed Combat
  3313 | D:4      | Noticed Natasha
  3357 | D:4      | Found a runed translucent door.
  3376 | D:4      | Found a staircase to the Ecumenical Temple.
  3723 | D:5      | Reached XP level 6. HP: 37/50 MP: 8/8
  3935 | D:5      | Noticed Dowan
  3965 | D:5      | Killed Dowan
  3966 | D:5      | Noticed Duvessa
  4063 | D:5      | Mangled by Duvessa

Illustrated notes

Levels and vault maps discovered:
D:1:      sevenhm_arrival_forest_fort_large_2, layout_basic,
          chequers_serial_rivers_small_a
D:2:      layout_basic, uniq_terence
D:3:      layout_loops_cross, nemelex_xobeh_ov_fountains_minmay
D:4:      layout_basic, led_sif_pool, temple_green, ebering_ghost_sewer_f,
          uniq_natasha
D:5:      layout_basic, mainiacjoe_overflow_big_doors,
          nicolae_tso_carved_into_rock, uniq_blork_the_orc, uniq_duvessa

Skill      XL: |  1  2  3  4  5 |
---------------+----------------+-----
Unarmed Combat | 2 3 4 5 |  5.7
Shapeshifting  | 1 2 |  2.6
Fighting       | |  2.6
Dodging        | |  1.7
Stealth        | |  4.5

Action                     |  1- 3 |  4- 6 || total
---------------------------+-------+-------++-------
  Melee: Unarmed           |   141 |   171 ||   312
         Punch             |     2 |     7 ||     9
  Throw: Throwing net      |       |     5 ||     5
         Dart              |       |     3 ||     3
   Cast: Summon Small Mamm |     1 |    11 ||    12
    Use: Potion            |       |     1 ||     1
   Stab: Sleeping          |     3 |     6 ||     9
         Held in net/web   |       |     1 ||     1
 Armour: Leather armour    |    38 |    77 ||   115
         Scale mail        |    11 |       ||    11
         Chain mail        |    40 |    23 ||    63
         Robe              |       |     2 ||     2
  Dodge: Dodged            |    63 |    74 ||   137

Table legend: (Time is in decaauts)
 A = Elapsed time spent in this place.
 B = Non-inter-level travel time spent in this place.
 C = Inter-level travel time spent in this place.
 D = Time resting spent in this place.
 E = Time spent auto-exploring this place.
 F = Levels seen in this place.
 G = Mean time per level.
                   A        B        C        D        E       F      G
               +--------+--------+--------+--------+--------+-----+--------+
         Total |   4041 |   3915 |    126 |    231 |   2574 |   5 |  808.2 |
       Dungeon |   4041 |   3915 |    126 |    231 |   2574 |   5 |  808.2 |
               +--------+--------+--------+--------+--------+-----+--------+

Top non-repeatable levels by time:
     D:4: 1283 daAuts
     D:2: 1067 daAuts
     D:3: 878 daAuts
     D:1: 512 daAuts
     D:5: 300 daAuts
